 Dungeon Crawl Stone Soup version 0.22-a0-389-g8519d86 (webtiles) character file.

226 Feta the Firebug (level 6, -2/45 HPs)
             Began as a Hill Orc Fire Elementalist on Apr 30, 2018.
             Was a Believer of Zin.
             Slain by Dargar's ghost (10 damage)
             ... on level 3 of the Dungeon.
             The game lasted 00:08:05 (3649 turns).

Feta the Firebug (Hill Orc Fire Elementalist)       Turns: 3649, Time: 00:08:06

Health: -2/45      AC:  2    Str: 11    XL:     6   Next: 1%
Magic:  10/10      EV: 12    Int: 17    God:    Zin [**....]
Gold:   107        SH:  0    Dex: 11    Spells: 5/10 levels left

rFire    . . .     SeeInvis .   h - +0 whip (elec)
rCold    . . .     Gourm    .   (no shield)
rNeg     . . .     Faith    .   a - +0 robe
rPois    .         Spirit   .   (no helmet)
rElec    .         Reflect  .   (no cloak)
rCorr    .         Harm     .   (no gloves)
MR       .....                  (no boots)
Stlth    ++........             (no amulet)
HPRegen  0.15/turn              (no ring)
MPRegen  0.12/turn              (no ring)

@: no status effects
A: no striking features
a: Recite, Vitalisation, Donate Gold, Renounce Religion


You were on level 3 of the Dungeon.
You worshipped Zin.
Zin was pleased with you.
You were hungry.

You visited 1 branch of the dungeon, and saw 3 of its levels.

You collected 118 gold pieces.
You donated 11 gold pieces to Zin.

Inventory:

Hand Weapons
 b - a +0 spear
 h - a +0 whip of electrocution (weapon)
 i - a +0 trident of piercing
 m - a +0 halberd
Missiles
 j - 45 bolts
 n - a throwing net
 o - 3 javelins (quivered)
 p - 4 javelins of penetration
Armour
 a - a +0 robe (worn)
Scrolls
 d - 3 scrolls of remove curse {unknown}
 e - a scroll of teleportation {unknown}
 f - 5 scrolls of identify {unknown}
 g - a scroll of fog {unknown}
 k - 3 scrolls of enchant armour {unknown}
Potions
 q - a potion of flight {unknown}
Comestibles
 c - 7 rations


   Skills:
 - Level 1.5 Dodging
 - Level 1.5 Stealth
 + Level 2.9 Spellcasting
 + Level 3.3 Conjurations
 + Level 4.9 Fire Magic


You had 5 spell levels left.
You knew the following spells:

 Your Spells              Type           Power        Failure   Level  Hunger
a - Flame Tongue          Conj/Fire      ###..        3%          1    #......
b - Sticky Flame          Conj/Fire      ###.....     32%         4    #####..


Dungeon Overview and Level Annotations

Branches:
Dungeon (3/15)

Altars:
Hepliaklqana
Zin

Annotations:
D:3 Dargar's ghost, amateur DsGl


Message History

You kill the worm!
Dargar's ghost hits you!
You hit Dargar's ghost.
Dargar's ghost is lightly damaged.
Dargar's ghost hits you!
You hit Dargar's ghost.
Lightning courses through Dargar's ghost!
Dargar's ghost is heavily damaged.
Dargar's ghost hits you but does no damage.
You miss Dargar's ghost.
Dargar's ghost is heavily damaged.
Dargar's ghost hits you!
* * * LOW HITPOINT WARNING * * *
You closely miss Dargar's ghost.
Dargar's ghost is heavily damaged.
Dargar's ghost closely misses you.
Unknown command.
There is a stone staircase leading up, spattered with blood here.
Dargar's ghost hits you!
You die...

##############.#.....##..#..#..##
# #.#.#####_#..#..#... # #.#.#
##.#..#..#.# # #.#.# ##..###..##
# ##.#.# #########. # ####....###
#..... ##########....#....#
###.... ...........##...W#.#
#....<.
.....####..###.#@#.########.#....
##...# #..# #.#............#....
##.## #..# #..............###.#
#.# #..# ###.#.##.###<#.##..# #.#
#..# #.#.##.# #.#.##.##
#.#####..# #<#.##.# #.....#..
#....##..#####(#.##.# ######.##
####.##.....>....##.#
#.....)..)..####.#


You could see Dargar's ghost.

Vanquished Creatures
  A bullfrog (D:2)
  Natasha (D:3)
  3 gnolls (D:2)
  6 adders
  2 worms
  A dart slug (D:1)
  3 leopard geckos
  An orc (D:3)
  A ball python (D:2)
  6 bats
  4 goblins (D:1)
  5 hobgoblins
  A quokka (D:2)
  6 frilled lizards
  4 kobolds
  6 rats
51 creatures vanquished.

Notes
Turn   | Place    | Note
-------+----------+-------------------------------------------
     0 | D:1      | Feta the Hill Orc Fire Elementalist began the quest for the Orb.
     0 | D:1      | Reached XP level 1. HP: 14/14 MP: 3/3
   470 | D:1      | Reached XP level 2. HP: 5/20 MP: 1/4
  1392 | D:2      | Reached XP level 3. HP: 16/26 MP: 4/6
  1793 | D:2      | Found a faded altar of an unknown god.
  1802 | D:2      | Became a worshipper of Zin the Law-Giver
  1802 | D:2      | Reached * piety under Zin
  1837 | D:2      | Noticed a bullfrog
  1841 | D:2      | Killed a bullfrog
  1841 | D:2      | Reached skill level 4 in Fire Magic
  1841 | D:2      | Reached XP level 4. HP: 21/33 MP: 5/7
  1963 | D:2      | Reached XP level 5. HP: 38/38 MP: 6/8
  2605 | D:2      | Learned a level 4 spell: Sticky Flame
  2939 | D:3      | Found a hazy altar of Hepliaklqana.
  3062 | D:3      | Reached ** piety under Zin
  3080 | D:3      | Noticed Natasha
  3087 | D:3      | Killed Natasha
  3533 | D:3      | Reached XP level 6. HP: 42/45 MP: 10/10
  3615 | D:3      | Noticed Dargar's ghost (amateur DsGl)
  3649 | D:3      | Slain by Dargar's ghost

Vault maps used:
D:1:      eino_arrival_water_star
D:2:      chequers_ecumenical_altar_island
D:3:      marbit_many_paths, first_ration, uniq_natasha, uniq_crazy_yiuf_cottage

Skill      XL: |  1  2  3  4  5 |
---------------+----------------+-----
Spellcasting   | 2 |  2.9
Conjurations   | 2 3 |  3.3
Fire Magic     | 4 |  4.9
Dodging        | |  1.5
Stealth        | |  1.5

Action                   |  1- 3 |  4- 6 || total
-------------------------+-------+-------++-------
Melee: Spear             |    24 |       ||    24
       Whip              |    36 |    73 ||   109
Throw: Javelin           |       |     9 ||     9
       Throwing net      |       |     1 ||     1
 Cast: Flame Tongue      |    21 |    24 ||    45
       Sticky Flame      |       |     1 ||     1
Invok: Recite            |       |     1 ||     1
  Use: Potion            |       |     1 ||     1
 Stab: Sleeping          |     2 |     1 ||     3
  Eat: Chunk             |     3 |     6 ||     9
Armor: Robe              |    13 |    28 ||    41
Dodge: Dodged            |    50 |    68 ||   118

Table legend:
 A = Spawn XP
 B = Non-spawn XP
 C = Spawn XP percentage of total XP
 D = Spawn monster count
 E = Non-spawn monster count
 F = Spawn count percentage of total count
 G = Total turns spent on level
                    A         B        C        D         E        F      G
               +---------+---------+-------+---------+---------+-------+---------
         Total |       0 |     324 |   0.0 |       0 |      51 |   0.0 |  3649
               +---------+---------+-------+---------+---------+-------+---------
           D:1 |       0 |      33 |   0.0 |       0 |      17 |   0.0 |  1749
           D:2 |       0 |     203 |   0.0 |       0 |      24 |   0.0 |  1435
           D:3 |       0 |      88 |   0.0 |       0 |      10 |   0.0 |   465
               +---------+---------+-------+---------+---------+-------+---------
